Map: Odyssey LE

Players

Hupsaiya

  • Race: Protoss Protoss
  • League: Master
  • Spawn Location: 5:00

Proxy - Winner!

  • Race: Zerg Zerg
  • League: Master
  • Spawn Location: 11:00

VOD

Have the link to the VOD?

Description

Time

  • Played on: Sept. 6, 2017, 2:05 a.m.
  • Length: 22:43
Show
View Real Time Build Order
Export as new Build Order

Hupsaiya Protoss 

Build Orders: 1 Gate Expand, Zealot Archon, Dark Templar Rush 

Get SALT Encoding   

  12  0:02  Probe (Chrono Boost)  
  13  0:15  Probe (Chrono Boost)  
  13  0:19  Pylon  
  14  0:26  Probe (Chrono Boost)  
  15  0:37  Gateway  
  15  0:40  Probe (Chrono Boost)  
  16  0:47  Assimilator  
  16  0:50  Probe (Chrono Boost)  
  17  1:06  Probe (Chrono Boost)  
  18  1:23  Probe (Chrono Boost)  
  18  1:24  Nexus  
  19  1:34  Cybernetics Core  
  19  1:36  Probe (Chrono Boost)  
  20  1:44  Zealot (Chrono Boost)  
  22  1:47  Assimilator  
  22  1:55  Pylon  
  22  1:58  Probe  
  23  2:13  Probe  
  23  2:15  Adept (Chrono Boost)  
  26  2:16  Warp Gate  
  26  2:25  Probe  
  27  2:35  Twilight Council  
  27  2:38  Probe  
  27  2:42  Probe (Chrono Boost)  
  29  2:50  Probe (Chrono Boost)  
  30  2:54  Probe (Chrono Boost)  
  31  2:58  Robotics Facility  
  31  3:00  Probe (Chrono Boost)  
  31  3:05  Probe (Chrono Boost)  
  33  3:11  Probe (Chrono Boost)  
  34  3:15  Probe (Chrono Boost)  
  35  3:22  Probe (Chrono Boost), Dark Shrine  
  35  3:26  Probe (Chrono Boost)  
  37  3:31  Pylon  
  37  3:32  Probe (Chrono Boost)  
  38  3:36  Probe (Chrono Boost)  
  39  3:43  Probe (Chrono Boost)  
  40  3:53  Warp Prism  
  40  3:55  Gateway  
  40  3:57  Gateway  
  40  3:59  Gateway  
  40  4:00  Probe (Chrono Boost)  
  41  4:04  Probe (Chrono Boost)  
  41  4:09  Assimilator  
  42  4:11  Probe (Chrono Boost)  
  42  4:12  Assimilator  
  42  4:13  Pylon  
  42  4:17  Probe (Chrono Boost)  
  44  4:22  Probe (Chrono Boost)  
  45  4:27  Pylon  
  45  4:33  Probe (Chrono Boost)  
  45  4:34  Probe (Chrono Boost)  
  45  4:38  Adept  
  49  4:43  Probe (Chrono Boost)  
  50  4:49  Probe (Chrono Boost)  
  51  4:58  Dark Templar x3  
  51  4:59  Dark Templar  
  59  5:02  Nexus  
  59  5:06  Pylon  
  59  5:09  Mothership Core (Chrono Boost)  
  59  5:11  Probe (Chrono Boost)  
  60  5:31  Probe (Chrono Boost)  
  60  5:33  Immortal (Chrono Boost), Probe  
  66  5:37  Robotics Facility  
  66  5:41  Forge, Probe  
  66  5:45  Probe  
  66  5:47  Sentry x3  
  74  5:52  Probe  
  74  5:56  Stalker  
  77  5:57  Probe  
  78  6:07  Pylon  
  78  6:08  Pylon  
  78  6:11  Gateway  
  78  6:12  Probe  
  78  6:13  Gateway  
  78  6:14  Probe  
  80  6:25  Immortal (Chrono Boost)  
  80  6:26  Probe  
  80  6:28  Protoss Ground Weapons Level 1 (Chrono Boost)  
  80  6:30  Probe  
  80  6:31  Probe  
  87  6:33  Assimilator, Robotics Bay  
  87  6:36  Probe  
  87  6:37  Assimilator  
  87  6:38  Observer (Chrono Boost)  
  87  6:39  Archon  
  89  6:40  Probe  
  89  6:43  Dark Templar  
  89  6:45  Zealot  
  89  6:46  Zealot  
  96  6:47  Probe  
  96  6:51  Pylon  
  96  6:52  Probe  
  98  6:58  Archon  
  98  6:59  Immortal  
  98  7:01  Zealot  
  98  7:05  Immortal  
  108  7:09  Probe x2  
  108  7:10  Probe  
  111  7:16  Photon Cannon  
  111  7:19  Probe  
  111  7:22  Probe x2  
  114  7:27  Sentry  
  116  7:30  Probe  
  116  7:31  Blink, Pylon  
  116  7:33  Photon Cannon  
  117  7:37  Photon Cannon  
  117  7:43  Pylon  
  117  7:44  Disruptor  
  117  7:47  Pylon  
  117  7:49  Probe, Disruptor  
  124  8:02  Pylon  
  124  8:04  Pylon  
  124  8:08  Pylon  
  124  8:10  Stalker x4, Gateway  
  124  8:11  Gateway  
  132  8:18  Disruptor  
  132  8:19  Zealot x2  
  136  8:24  Disruptor  
  128  8:37  Nexus  
  128  8:41  Pylon  
  128  8:49  Disruptor  
  128  8:50  Stalker x3, Pylon  
  128  8:53  Pylon  
  137  8:58  Protoss Ground Weapons Level 2 (Chrono Boost)  
  137  9:00  Disruptor  
  140  9:08  Gateway x2  
  140  9:11  Gateway  
  140  9:13  Pylon  
  140  9:15  Photon Cannon  
  138  9:17  Photon Cannon  
  138  9:24  Templar Archives, Assimilator, Gravitic Drive, Warp Prism  
  140  9:33  Stalker x2  
  144  9:43  Stalker x2  
  144  9:44  Stalker x2  
  152  9:49  Photon Cannon  
  152  9:58  Stalker x4  
  160  10:08  Stalker x3  
  166  10:22  Stalker x3  
  166  10:23  Stalker x2  
  174  10:38  Stalker x3  
  180  10:49  Disruptor (Chrono Boost)  
  184  10:52  Dark Templar  
  184  10:53  Dark Templar x2  
  185  11:00  Dark Templar x2  
  185  11:13  Pylon  
  185  11:15  Pylon  
  185  11:16  Pylon  
  184  11:18  Pylon  
  184  11:19  Pylon  
  175  11:39  Photon Cannon  
  162  11:41  Photon Cannon  
  162  11:43  Photon Cannon  
  162  11:44  Photon Cannon  
  162  11:45  Photon Cannon  
  151  11:51  Photon Cannon  
  139  12:21  Forge  
  123  12:48  Nexus  
  123  12:51  Pylon  
  123  13:02  Nexus  
  123  13:03  Pylon  
  122  13:07  Pylon  
  122  13:08  Pylon x2  
  122  13:09  Assimilator  
  122  13:10  Pylon  
  122  13:13  Zealot x2, Pylon  
  126  13:27  High Templar x2  
  126  13:32  Cybernetics Core  
  128  13:34  Photon Cannon  
  128  13:35  Nexus  
  128  13:38  Photon Cannon  
  128  13:40  Photon Cannon  
  126  13:43  Gateway x2  
  126  13:46  Photon Cannon, Gateway  
  126  13:47  Photon Cannon, Gateway  
  126  13:49  Photon Cannon  
  126  13:50  Archon  
  125  13:56  High Templar x2  
  125  14:00  Archon  
  128  14:22  Probe x2  
  130  14:27  Gateway, Pylon x2  
  130  14:29  Gateway, Stargate x2  
  128  14:32  Stalker  
  128  14:33  Stalker  
  130  14:40  Pylon  
  130  14:43  Photon Cannon  
  130  14:45  Photon Cannon  
  130  14:48  Pylon  
  130  14:55  Stalker  
  130  14:56  Stalker  
  134  15:03  Photon Cannon  
  134  15:05  Photon Cannon  
  134  15:06  Photon Cannon  
  134  15:16  Stalker x2  
  138  15:25  Probe  
  138  15:26  Probe  
  140  15:35  Probe  
  140  15:37  Probe  
  141  15:56  Stalker  
  141  15:57  Stalker  
  114  16:34  Stalker x3  
  114  16:38  Probe x2  
  122  16:48  Probe  
  122  16:49  Probe  
  124  16:59  Probe x2  
  97  18:05  Robotics Facility  
  97  18:10  Robotics Facility  
  97  18:12  Twilight Council  
  97  18:18  Nexus  
  90  19:34  Robotics Bay  
  86  19:58  High Templar  
  86  19:59  High Templar  
  86  20:06  Archon  
  79  20:22  Immortal x2 (Chrono Boost)  
  77  20:33  High Templar x2  
  81  20:37  Archon  
Show
View Real Time Build Order
Export as new Build Order

Proxy Zerg - Winner!

Build Orders: Hatch First 

Get SALT Encoding   

  12  0:02  Drone  
  13  0:12  Overlord  
  13  0:16  Drone  
  14  0:30  Drone x2  
  14  0:35  Drone  
  17  0:51  Hatchery  
  17  0:54  Drone  
  17  0:57  Drone  
  18  1:12  Spawning Pool  
  18  1:14  Drone  
  18  1:23  Overlord  
  18  1:42  Hatchery  
  18  1:44  Drone  
  18  1:47  Drone  
  19  1:55  Drone  
  20  2:02  Drone  
  20  2:05  Queen  
  20  2:08  Drone  
  23  2:16  Queen  
  23  2:19  Zergling x2  
  26  2:23  Drone  
  26  2:25  Drone  
  26  2:27  Drone  
  29  2:35  Drone  
  29  2:36  Drone  
  31  2:45  Overlord, Queen  
  31  2:51  Drone  
  34  2:54  Drone  
  34  2:55  Drone  
  34  2:56  Extractor  
  35  2:58  Extractor  
  35  2:59  Queen  
  35  3:05  Drone  
  37  3:07  Drone  
  38  3:15  Roach Warren  
  38  3:19  Drone x2  
  39  3:28  Drone x2  
  39  3:32  Overlord  
  41  3:36  Drone x3  
  41  3:38  Drone x3, Extractor  
  45  3:49  Spore Crawler  
  45  3:55  Drone  
  46  3:56  Drone x3  
  46  3:57  Drone  
  50  4:05  Roach x3  
  50  4:08  Roach  
  58  4:12  Overlord  
  58  4:20  Spore Crawler  
  58  4:21  Spore Crawler, Drone  
  58  4:22  Drone  
  58  4:30  Drone  
  59  4:31  Drone  
  59  4:33  Drone  
  59  4:35  Roach x2  
  59  4:38  Overlord  
  65  4:39  Spore Crawler  
  65  4:42  Roach  
  65  4:45  Overlord  
  66  4:52  Evolution Chamber, Drone  
  66  4:53  Evolution Chamber  
  65  5:02  Roach x3  
  65  5:03  Roach  
  73  5:07  Lair  
  73  5:09  Drone  
  73  5:13  Drone  
  73  5:14  Drone x2  
  74  5:33  Drone x6  
  80  5:47  Drone x2  
  80  5:48  Overlord x2  
  82  5:56  Overlord  
  82  5:59  Overlord  
  82  6:01  Overlord, Extractor x2  
  80  6:07  Glial Reconstitution  
  80  6:08  Zerg Missile Weapons Level 1, Zerg Ground Armor Level 1  
  80  6:10  Drone  
  80  6:11  Hydralisk Den, Drone x5  
  85  6:15  Overlord  
  85  6:16  Overseer  
  85  6:18  Drone  
  86  6:27  Drone  
  86  6:28  Drone x6  
  86  6:32  Drone x3  
  96  6:33  Drone  
  96  6:35  Extractor  
  96  6:36  Drone  
  97  6:43  Roach x3  
  97  6:45  Muscular Augments  
  103  6:53  Hydralisk  
  105  6:54  Roach x3  
  111  7:06  Overlord, Drone  
  111  7:07  Roach  
  114  7:08  Hydralisk  
  114  7:15  Hatchery  
  115  7:18  Ravager x3  
  115  7:20  Overlord x2  
  115  7:21  Overlord x2  
  118  7:32  Overlord  
  118  7:38  Hydralisk x4  
  118  7:39  Hydralisk x4  
  134  7:45  Hydralisk, Roach x2  
  140  7:54  Hydralisk x2  
  140  7:55  Roach x3  
  140  7:56  Overlord  
  140  7:57  Ravager  
  140  7:58  Ravager  
  152  8:06  Pneumatized Carapace  
  152  8:08  Overlord x2  
  152  8:14  Overlord  
  152  8:15  Overlord  
  152  8:17  Roach  
  154  8:31  Drone x4  
  154  8:32  Drone x6  
  164  8:40  Drone x5  
  164  8:41  Drone x2  
  171  8:42  Hydralisk  
  171  8:48  Ravager x5  
  177  8:49  Ravager  
  177  8:50  Zerg Missile Weapons Level 2  
  177  8:54  Zerg Ground Armor Level 2, Spine Crawler  
  178  8:56  Spore Crawler, Spine Crawler  
  178  8:57  Spine Crawler, Extractor  
  178  9:01  Hydralisk x2  
  178  9:02  Roach x2  
  182  9:09  Spire  
  181  9:15  Hydralisk x2, Roach x2  
  181  9:16  Roach  
  190  9:17  Overlord  
  190  9:22  Spine Crawler  
  190  9:23  Spine Crawler  
  188  9:26  Overseer x2  
  188  9:28  Roach  
  188  9:30  Overlord x2  
  190  9:36  Infestation Pit, Hydralisk x2  
  190  9:37  Roach x2  
  197  9:42  Ravager x2  
  199  10:18  Hatchery  
  198  10:23  Hive  
  198  10:29  Overlord x2  
  198  10:35  Overlord x2  
  185  11:06  Mutalisk x8  
  185  11:07  Mutalisk x3  
  178  11:14  Overseer  
  176  11:23  Mutalisk  
  143  11:40  Mutalisk x5  
  143  11:41  Mutalisk x2  
  143  11:47  Roach x2  
  154  12:08  Zergling x2  
  137  12:22  Mutalisk x4  
  142  12:42  Spawning Pool  
  141  12:59  Drone x3  
  144  13:12  Hatchery  
  143  13:43  Metabolic Boost  
  143  13:44  Zergling x8  
  143  13:45  Overlord x3, Roach Warren  
  143  13:46  Overlord  
  142  14:23  Lair  
  138  14:40  Drone x2  
  138  14:41  Drone  
  138  14:42  Drone x9  
  138  14:44  Roach x2  
  154  14:55  Roach x3  
  160  15:03  Roach x3  
  160  15:06  Extractor  
  165  15:16  Roach x3  
  165  15:17  Roach  
  173  15:24  Hydralisk Den  
  173  15:27  Roach  
  173  15:28  Roach x3  
  178  15:32  Spore Crawler, Extractor x2  
  178  15:33  Spine Crawler  
  172  15:35  Spine Crawler  
  169  15:46  Roach x2  
  169  15:47  Roach x3  
  164  16:12  Hydralisk  
  164  16:13  Hydralisk x3, Roach x4  
  164  16:14  Roach  
  164  16:17  Queen  
  184  16:20  Ravager x4  
  165  16:26  Hydralisk x2  
  165  16:27  Roach  
  171  16:33  Roach  
  173  16:41  Zergling x6  
  176  16:50  Queen, Zergling x6  
  175  17:01  Zergling x6, Roach x2  
  182  17:20  Zergling x12  
  172  17:48  Zergling x12, Hydralisk  
  172  17:49  Zergling x2  
  137  17:59  Hydralisk x2  
  137  18:00  Zergling x4, Hydralisk  
  135  18:13  Zergling x6, Roach x3  
  135  18:18  Spire, Lurker Den  
  143  18:22  Hydralisk x2  
  147  18:27  Roach  
  147  18:29  Hatchery  
  147  18:33  Hydralisk x2  
  147  18:34  Zergling x6, Hydralisk  
  149  18:38  Zergling x2, Hydralisk  
  158  18:55  Zergling x2, Hydralisk x2  
  158  18:56  Zergling x6  
  158  19:02  Hydralisk x2  
  148  19:03  Zergling x6, Hydralisk  
  148  19:06  Zergling x2, Roach  
  148  19:07  Roach  
  156  19:18  Zergling x2, Hydralisk x2  
  156  19:19  Zergling x4  
  161  19:26  Zergling x4  
  160  19:36  Zergling x6, Hydralisk x2  
  156  19:45  Hydralisk x2  
  156  19:46  Zergling x6  
  156  19:51  Zergling x4, Hydralisk  
  167  19:57  Hydralisk  
  167  19:58  Zergling x2  
  166  20:00  Overseer  
  166  20:06  Zergling x8, Hydralisk x2  
  164  20:22  Zergling x2, Hydralisk x2  
  157  20:34  Hydralisk  
  157  20:35  Hydralisk, Roach  
  153  20:44  Zergling x2  
  153  20:47  Lurker  
  153  20:49  Hydralisk  
  146  20:50  Zergling x2  
  141  21:05  Zergling x2, Hydralisk  
  141  21:08  Lurker x2  
  141  21:10  Hydralisk  
  141  21:11  Zergling x2  
  147  21:19  Zergling x2  
  147  21:22  Extractor  
  147  21:23  Extractor  
  144  21:34  Hatchery  
  144  21:38  Hydralisk  
  144  21:39  Zergling x4  
  145  21:41  Zergling x2  
  146  21:49  Zergling x2  
  146  22:03  Zergling x4  
Tags
 
Add a new tag
Caveats
  • Supply blocks, unpowered buildings, or Contaminate may cause inaccurate times.
  • Supply counts are checked every 10 seconds.